 Dungeon Crawl Stone Soup version 0.16-a0-3749-g20dbed2 (webtiles) character file.

486362 BluebellGnoll the Evocator (level 23, -17/238 (240) HPs)
             Began as a Deep Dwarf Gladiator on Jan 21, 2015.
             Was a High Priest of Makhleb.
             Thrown by an octopode crusher (47 damage)
             ... on level 3 of the Depths on Jan 23, 2015.
             The game lasted 08:01:15 (58108 turns).

BluebellGnoll the Evocator (Deep Dwarf Gladiator)  Turns: 58108, Time: 08:01:15

HP:   -17/238 (240) AC: 29    Str: 26      XL:     23   Next: 50%
MP:   25/25         EV: 11    Int: 15 (17) God:    Makhleb [*****.]
Gold: 5661          SH: 18    Dex: 27      Spells: 2 memorised, 18 levels left

rFire  + + .     SeeInvis +     y - +9 war axe (chop)
rCold  + + +     Clarity  +     u - +4 plate armour {rF+}
rNeg   + + .     SustAb   .     r - +2 shield {rC+ rF+}
rPois  +         Gourm    .     B - +0 helmet of the Dice {rElec rN+ rCorr Str+2 SInv}
rElec  +         Spirit   .     Q - +0 cloak {MR+}
rCorr  +         Warding  .     c - +2 pair of gloves of Ahunytraij {rElec Int+3}
rMut   .         Stasis   .     (no boots)
MR     ++++.                    T - amulet of clarity
Stlth  ..........               j - ring of the Evening {Contam rC++ Int+4 Dex+4}
                                p - +6 ring of dexterity

@: non-regenerating, incredibly resistant to hostile enchantments, extremely
unstealthy
A: damage resistance, recharge devices, negative energy resistance 1, sense
surroundings 3, poison resistance, slow healing 3, spit poison 1
a: Device Recharging, Spit Poison, Minor Destruction, Lesser Servant of Makhleb,
Major Destruction, Greater Servant of Makhleb, Renounce Religion
}: 3/15 runes: decaying, silver, gossamer


You were on level 3 of the Depths.
You worshipped Makhleb.
Makhleb was extremely pleased with you.
You were not hungry.

You visited 9 branches of the dungeon, and saw 49 of its levels.
You visited the Abyss 1 time.
You also visited: Trove, Bailey and Ice Cave.

You collected 8321 gold pieces.
You spent 2660 gold pieces at shops.

Inventory:

Hand weapons
 y - a +9 war axe of chopping (weapon)
Missiles
 L - 4 throwing nets (quivered)
Armour
 c - the +2 pair of gloves of Ahunytraij (worn) {rElec Int+3}
   (You bought it in a shop on level 11 of the Dungeon)

   It affects your intelligence (+3).
   It insulates you from electricity.
 r - a +2 shield of resistance (worn)
 u - a +4 plate armour of fire resistance (worn)
 B - the +0 helmet of the Dice (worn) {rElec rN+ rCorr Str+2 SInv}
   (You found it on level 5 of the Vaults)

   It affects your strength (+2).
   It insulates you from electricity.
   It protects you from negative energy.
   It enhances your eyesight.
   It protects you from acid and corrosion.
 Q - a +0 cloak of magic resistance (worn)
Jewellery
 b - the ring of the Leaf {+Fly rF+ MR- Int+4 Dex+2}
   (You acquired it on level 1 of the Vaults)

   [ring of flight]

   It affects your intelligence (+4).
   It affects your dexterity (+2).
   It protects you from fire.
   It affects your resistance to hostile enchantments.
   It lets you fly.
 h - an uncursed ring of teleport control
 j - the ring of the Evening (right hand) {Contam rC++ Int+4 Dex+4}
   (You acquired it on level 14 of the Dungeon)

   [ring of dexterity]

   It affects your intelligence (+4).
   It affects your dexterity (+4).
   It greatly protects you from cold.
   It causes magical contamination when unequipped.
 l - an uncursed ring of positive energy
 n - an uncursed ring of teleportation
 p - a +6 ring of dexterity (left hand)
 E - an uncursed ring of sustain abilities
 O - an uncursed ring of protection from fire
 P - the brooch of Shielding {Ward rN+ AC+4 EV+4}
   (You took it off a deep elf annihilator on level 3 of the Elven Halls)

   [amulet of warding]

   It may prevent the melee attacks of summoned creatures.
   It affects your AC (+4).
   It affects your evasion (+4).
   It protects you from negative energy.
 T - an amulet of clarity (around neck)
Magical devices
 e - a wand of enslavement (11)
 g - a wand of disintegration (7)
 q - a wand of heal wounds (7)
 v - a wand of confusion (21)
 w - a wand of hasting (3)
 C - a wand of fire (5)
 R - a wand of draining (7)
Scrolls
 i - 5 scrolls of magic mapping
 m - 12 scrolls of fog
 s - 22 scrolls of remove curse
 t - a scroll of silence
 A - 6 scrolls of fear
 D - 7 scrolls of blinking
 F - 3 scrolls of identify
 J - 6 scrolls of immolation
 K - 22 scrolls of teleportation
Potions
 a - 2 potions of resistance
 d - 7 potions of heal wounds
 k - 2 potions of berserk rage
 o - a potion of cancellation
 x - 20 potions of curing
 z - 7 potions of might
 N - 5 potions of haste
 Y - 2 potions of agility
Miscellaneous
 H - 4 fans of gales
 S - 2 lamps of fire
 U - a sack of spiders {used: 1}
 W - an ornate deck of summoning {the Crusade}
 X - 2 stones of tremors
 Z - 3 phials of floods
Comestibles
 f - 26 bread rations
 G - 3 chunks of flesh
 M - a royal jelly


   Skills:
 - Level 21.3 Fighting
 - Level 20.1 Axes
 - Level 6.1 Throwing
 - Level 17.9 Armour
 - Level 3.2 Dodging
 - Level 15.5 Shields
 - Level 17.7 Invocations
 + Level 24.5 Evocations


You had 18 spell levels left.
You knew the following spells:

 Your Spells              Type           Power        Failure   Level  Hunger
a - Apportation           Tloc           #.........   98%         1    ##.....
b - Passwall              Trmt/Erth      #.........   100%        3    ####...


Dungeon Overview and Level Annotations

Branches:
Dungeon (15/15)            Temple (1/1) D:6            Lair (8/8) D:11
  Swamp (5/5) Lair:6       Spider (5/5) Lair:5        Slime (0/6) Lair:7
    Orc (4/4) D:11            Elf (3/3) Orc:4        Vaults (5/5) D:14
  Crypt (0/3) Vaults:3     Depths (3/5) D:15

Altars:
Ashenzari
Fedhas
Gozag
Makhleb
Nemelex Xobeh
Okawaru
Qazlal
Ru
Trog
Xom
Yredelemnul
Zin
The Shining One
Jiyva

Shops:
D:7 :   D:8 *[   D:11 [   Orc:4 *([*[   Vaults:4 ?   Vaults:5 }

Portals:
Hell: Depths:1 Depths:2
Abyss: Depths:2

Annotations:
D:7 runewalsh's ghost, experienced OpIE
D:13 runed door
Swamp:1 exclusion: Roxanne, Roxanne
Elf:2 runed door


Innate Abilities, Weirdness & Mutations

You are resistant to damage.
You can recharge devices by infusing magical energy.
You resist negative energy.
You passively map a large area around you.
You do not heal naturally.
Your system is resistant to poisons.
You can spit poison.


Message History

You closely miss the octopode crusher.
The octopode crusher is severely wounded.
The octopode crusher blocks your attack.
The octopode crusher is heavily wounded.
The octopode crusher blocks your attack.
The octopode crusher is severely wounded.
You miss the octopode crusher.
The octopode crusher is heavily wounded.
The octopode crusher tentacle-slaps you!
* * * LOW HITPOINT WARNING * * *
The octopode crusher stares at you and mumbles some strange words.
The iron shot hits you!
* * * LOW HITPOINT WARNING * * *
The octopode crusher constricts you.
Some of the chunks of flesh in your inventory have rotted away.
Drink which item? (? for menu, Esc to quit)
You feel much better.
You block the octopode crusher's attack.
The octopode crusher throws you!
You die...

*##. , ,, , , ,.........,
, * ≈≈.........# ,, *
≈≈≈≈≈≈.....≈#≈ ≈
*≈≈≈≈≈≈≈≈≈..≈≈≈≈#≈ .≈≈
.≈≈≈≈≈≈≈≈≈≈≈≈≈≈###..####
#..≈≈≈≈≈≈≈≈≈≈≈≈≈≈≈≈≈≈≈.
###....≈≈≈≈≈≈≈≈≈≈≈≈≈≈≈≈
#.....@x...≈≈≈≈≈≈..≈≈≈≈
#..≈≈≈≈≈x......≈≈≈.....≈
..≈≈≈≈≈≈≈≈......≈≈≈.....
.≈≈≈≈≈≈≈≈≈..).....≈.....
*..≈≈≈≈≈≈≈..........≈....
...≈≈≈.............≈.##
*, ......................
######################...
#.......####### #...


You could see 2 octopode crushers.

Vanquished Creatures
  An ancient lich (Vaults:5)
  Sojobo (Vaults:5)
  Mara (Vaults:2)
  3 golden dragons
  Frederick (Vaults:2)
  Arachne (Spider:2)
  4 tentacled monstrosities (Vaults:5)
  An Ice Fiend (Elf:3)
  A titan (Vaults:5)
  2 liches
  2 deep elf master archers (Elf:3)
  5 deep elf blademasters
  An octopode crusher (Depths:3)
  2 sphinxes
  Rupert (Swamp:5)
  A shadow dragon (Vaults:5)
  Kirke (Swamp:5)
  2 storm dragons
  8 tengu reavers
  6 fire giants
  Wiglaf (Depths:1)
  3 iron dragons
  11 vault wardens
  The ghost of wojtek the Swashbuckler, a mighty KoAs of Makhleb (Swamp:2)
  6 emperor scorpions
  5 ghost moths
  6 frost giants
  6 deep elf sorcerers
  An orc warlord (Bailey)
  15 ironheart preservers
  6 very ugly things
  A war gargoyle (Vaults:5)
  14 stone giants
  18 deep elf annihilators
  9 deep elf demonologists
  A dire elephant (Depths:2)
  2 crystal guardians
  4 deep elf death magi
  A green death (Spider:5)
  A minotaur (Depths:1)
  8 ettins
  10 fire dragons
  26 vault guards
  A merfolk impaler (Depths:3)
  4 great orbs of eyes
  3 yaktaur captains
  5 deep elf high priests
  Fannar (D:10)
  Harold (Lair:4)
  An ice dragon (Depths:3)
  A quicksilver dragon skeleton (Depths:2)
  14 centaur warriors
  12 hydras
  A spriggan air mage (Depths:3)
  Erica (D:12)
  6 deep troll earth magi
  The ghost of haldagan the Arsonist, a powerful OpFE of Sif Muna (D:10)
  10 ogre magi
  12 dancing weapons
  2 ghost crabs
  7 alligators
  22 death yaks
  2 tengu warriors (D:14)
  A deep troll shaman (Depths:2)
  3 orc high priests (Orc:4)
  A thrashing horror (Abyss:1)
  Urug (D:10)
  A spriggan berserker (Depths:2)
  A storm dragon zombie (Depths:2)
  Nergalle (Lair:1)
  18 deep elf knights
  4 catoblepae
  2 shadow wraiths
  10 hell knights
  An iron troll (Depths:2)
  3 flayed ghosts
  An ice devil (Vaults:2)
  2 skeletal warriors (Vaults:2)
  A sea snake (shapeshifter) (Elf:3)
  A salamander mystic (Depths:2)
  21 deep trolls
  2 unseen horrors
  A spriggan druid (Swamp:5)
  8 swamp dragons
  2 giant orange brains
  A golden dragon zombie (Vaults:5)
  10 deep elf summoners
  A shambling mangrove (Swamp:4)
  9 necromancers
  2 ice statues (IceCv)
  22 orb spiders
  A lindwurm (shapeshifter) (Vaults:5)
  2 wizards (D:15)
  8 hill giants
  24 orc knights
  13 harpies
  14 ironbrand convokers
  12 griffons
  13 hornets
  2 salamanders (shapeshifter)
  23 wolf spiders
  A stone giant zombie (Vaults:4)
  12 deep elf conjurers
  2 phantasmal warriors
  A draconian (shapeshifter) (Vaults:5)
  11 orc sorcerers
  51 ugly things
  8 cyclopes
  A frost giant zombie (Depths:2)
  A moth of wrath (Spider:5)
  A moth of wrath (shapeshifter) (Vaults:3)
  2 human zombies (Vaults:4)
  13 vault sentinels
  3 manticores
  13 elephants
  3 centaur zombies
  A guardian serpent (D:13)
  4 sixfirhies
  Maurice (D:10)
  3 black mambas
  3 salamanders (Depths:2)
  A human skeleton (Vaults:4)
  An octopode (shapeshifter) (Elf:2)
  4 torpor snails
  13 spiny frogs
  A small abomination (Elf:3)
  Psyche (D:12)
  2 hornets (shapeshifter)
  A smoke demon (Abyss:1)
  22 demonic crawlers
  7 freezing wraiths
  2 komodo dragons (shapeshifter) (Vaults:2)
  6 gargoyles
  6 komodo dragons
  5 kobold demonologists
  26 jumping spiders
  6 fire drakes
  A hellwing (Orc:4)
  14 deep elf priests
  7 blue devils (IceCv)
  2 polar bears
  38 yaktaurs
  A jumping spider (shapeshifter) (Depths:1)
  21 two-headed ogres
  7 baby alligators
  A queen bee (Depths:3)
  11 trolls
  31 slime creatures
  3 boulder beetles
  2 giant leeches
  A basilisk (shapeshifter) (Vaults:2)
  A baby alligator (shapeshifter) (Vaults:2)
  6 bog bodies
  12 basilisks
  9 blink frogs
  A trapdoor spider (shapeshifter) (Vaults:2)
  3 wraiths
  28 deep elf magi
  16 ravens
  48 redbacks
  A fire giant simulacrum (Depths:2)
  22 trapdoor spiders
  10 spriggans
  40 yaks
  4 shadows
  2 vampires
  An air elemental (Vaults:5)
  8 water elementals
  A tarantella (shapeshifter) (Vaults:1)
  A hog (D:13)
  A human (shapeshifter) (Vaults:3)
  2 ynoxinuls
  10 vampire mosquitoes
  15 hippogriffs
  Grum (Orc:1)
  33 tarantellas
  4 hungry ghosts
  A hippogriff (shapeshifter) (Elf:1)
  10 wyverns
  A hog (shapeshifter) (Vaults:3)
  23 wolves
  38 deep elf fighters
  10 insubstantial wisps
  A neqoxec (Elf:3)
  23 swamp worms
  10 wargs
  5 hell hounds (D:14)
  25 spiders
  A spider (shapeshifter) (Vaults:2)
  22 water moccasins
  3 large abominations
  61 orc warriors
  6 sky beasts
  9 swamp drakes
  6 phantoms
  13 porcupines
  3 eyes of draining
  2 black bears (D:13)
  5 necrophages
  13 wasps
  A black bear (shapeshifter) (Vaults:1)
  9 ice beasts
  16 crocodiles
  42 ogres
  8 boggarts
  A centaur (shapeshifter) (Depths:2)
  21 centaurs
  2 boring beetles
  Blork the orc (D:8)
  4 brain worms (D:12)
  2 giant frogs (shapeshifter)
  4 big kobolds
  26 giant frogs
  A gnoll sergeant (D:7)
  A water moccasin zombie (D:8)
  36 killer bees
  10 scorpions
  A spectral big kobold (Swamp:4)
  3 electric eels
  A wight (Abyss:1)
  2 giant frog zombies
  11 crimson imps
  4 jellies
  3 draconian simulacra (IceCv)
  A goliath beetle (D:10)
  A gnoll shaman (D:5)
  Crazy Yiuf (D:2)
  4 giant frog skeletons
  A wyvern simulacrum (D:9)
  13 orc priests
  3 centaur skeletons
  5 iguanas
  6 hounds
  Natasha (thrice) (D:3)
  30 orc wizards
  A spectral orc (Lair:1)
  2 elf simulacra (Vaults:3)
  8 hell rats
  11 worker ants
  A troll simulacrum (IceCv)
  3 killer bee zombies
  3 spriggan simulacra (IceCv)
  53 sheep
  2 centaur simulacra (IceCv)
  A hound zombie (D:10)
  A killer bee simulacrum (D:9)
  Robin (D:2)
  27 adders
  14 gnolls
  41 river rats
  5 shadow imps
  14 white imps
  An ogre simulacrum (IceCv)
  A giant mite (shapeshifter) (Vaults:5)
  A hound simulacrum (D:9)
  A worm (shapeshifter) (Elf:1)
  4 worms
  8 ufetubi
  An adder zombie (D:8)
  2 adder skeletons (D:5)
  An adder simulacrum (D:9)
  11 giant geckos
  4 oozes
  139 orcs
  2 ball pythons
  16 bats
  A bat skeleton (D:6)
  7 giant cockroaches
  44 goblins
  44 hobgoblins
  8 jackals
  11 quokkas
  A ball python (shapeshifter) (Vaults:5)
  A giant gecko skeleton (D:4)
  5 giant newts
  2 giant spores
  A goblin zombie (Orc:4)
  A jackal skeleton (D:7)
  18 kobolds
  11 orc zombies
  A quokka skeleton (D:4)
  13 rats
  10 ballistomycetes
  A bush (D:8)
  7 fungi
  5 plants
2351 creatures vanquished.

Vanquished Creatures (collateral kills)
  Norris (Swamp:5)
  A caustic shrike (Depths:2)
  Jory (Vaults:3)
  2 tentacled monstrosities (Vaults:5)
  Asterion (Spider:2)
  2 tengu reavers
  2 shadow dragons (Vaults:5)
  A thorn hunter (Swamp:5)
  2 frost giants
  A fire giant (Vaults:5)
  A deep elf sorcerer (Elf:3)
  3 emperor scorpions
  2 vault wardens (Vaults:5)
  3 ironheart preservers (Vaults:5)
  Jorgrun (Vaults:3)
  A stone giant (Vaults:5)
  A deep elf demonologist (Vaults:5)
  2 deep elf death magi (Elf:3)
  A vault guard (Vaults:5)
  A yaktaur captain (Vaults:5)
  A spriggan air mage (Depths:2)
  2 rakshasas
  2 hydras (Swamp:5)
  2 deep troll shamans (Depths:2)
  A death yak (D:13)
  A death yak (shapeshifter) (Vaults:5)
  2 centaur warriors
  A spriggan (Swamp:5)
  2 iron trolls (Depths:2)
  A shadow wraith (Vaults:2)
  A hell knight (Depths:2)
  A deep elf summoner (Elf:1)
  4 swamp dragons (Swamp:5)
  A spriggan druid (Swamp:5)
  4 deep trolls
  An ice statue (IceCv)
  A hill giant (D:14)
  3 deep elf conjurers
  2 orc knights (Vaults:2)
  An orb spider (Spider:5)
  2 wolf spiders
  A harpy (shapeshifter) (Vaults:5)
  A necromancer (D:14)
  A manticore (Depths:2)
  A phantasmal warrior (Vaults:5)
  2 harpies (Vaults:3)
  3 griffons
  A cyclops (Vaults:2)
  A fire giant skeleton (Depths:2)
  3 ugly things
  2 vault sentinels
  A spiny frog (Swamp:5)
  4 yaktaurs
  2 fire drakes (Swamp:5)
  A troll (D:14)
  4 polar bears (D:13)
  A two-headed ogre (shapeshifter) (Elf:3)
  A blink frog (Swamp:4)
  A baby alligator (Swamp:5)
  A boulder beetle (Spider:2)
  A slime creature (Depths:2)
  4 tarantellas
  A water elemental (D:14)
  A vampire (D:14)
  A trapdoor spider (Spider:5)
  A hippogriff (D:13)
  3 air elementals (Vaults:5)
  2 vampire mosquitoes (Vaults:2)
  8 deep elf fighters
  A yak (D:13)
  A swamp worm (Swamp:4)
  An orc warrior (Orc:2)
  2 swamp drakes (Swamp:5)
  2 ice beasts (IceCv)
  A black bear (D:13)
  2 wasps
  An ogre (Vaults:5)
  3 giant frogs
  An electric eel (D:14)
  A hound (Lair:5)
  An orc (Orc:2)
137 creatures vanquished.

Vanquished Creatures (others)
  2 Executioners
  A cacodemon (Swamp:5)
  A balrug (Spider:5)
  Snorg (Swamp:1)
  A green death (Vaults:2)
  6 blizzard demons
  An alligator (Swamp:1)
  An ogre mage (Vaults:2)
  A death yak (Lair:5)
  A shadow wraith (Vaults:2)
  A deep elf conjurer (Elf:1)
  6 fire elementals
  A fire drake (D:14)
  A jumping spider (Spider:2)
  A redback (Spider:2)
  A deep elf fighter (Elf:2)
  A swamp drake (Swamp:4)
  A centaur (D:12)
  3 lost souls
  A killer bee (D:11)
  An orc wizard (Orc:4)
  A giant spore (D:11)
  A bush (D:8)
  5 fungi
  10 plants
51 creatures vanquished.

Grand Total: 2539 creatures vanquished

Notes
Turn   | Place    | Note
--------------------------------------------------------------
     0 | D:1      | BluebellGnoll, the Deep Dwarf Gladiator, began the quest for the Orb.
     0 | D:1      | Reached XP level 1. HP: 19/19 MP: 1/1
   183 | D:1      | Reached XP level 2. HP: 26/26 MP: 2/2
   235 | D:1      | Reached skill level 4 in Axes
   729 | D:2      | Reached XP level 3. HP: 24/32 MP: 3/3
   913 | D:2      | Reached skill level 5 in Axes
  1131 | D:2      | Reached XP level 4. HP: 25/39 MP: 4/4
  1372 | D:2      | Found a sacrificial altar of Ru.
  1488 | D:2      | Noticed Robin
  1511 | D:2      | Reached skill level 1 in Armour
  1514 | D:2      | Killed Robin
  1614 | D:2      | Noticed Crazy Yiuf
  1628 | D:2      | Killed Crazy Yiuf
  1628 | D:2      | Reached XP level 5. HP: 35/45 MP: 5/5
  1789 | D:3      | Noticed Natasha
  1796 | D:3      | Killed Natasha
  1856 | D:3      | Noticed Natasha
  1862 | D:3      | Killed Natasha
  2097 | D:3      | Noticed Natasha
  2099 | D:3      | Killed Natasha
  2101 | D:3      | Noticed an ogre
  2118 | D:3      | Killed an ogre
  2118 | D:3      | Reached XP level 6. HP: 27/52 MP: 4/4
  2287 | D:3      | Found a basalt altar of Yredelemnul.
  2288 | D:3      | Noticed a profane servitor
  2292 | D:3      | Found a glowing golden altar of the Shining One.
  2293 | D:3      | Noticed an angel
  2336 | D:3      | Noticed a moth of wrath
  2337 | D:3      | Found a bloodstained altar of Trog.
  2471 | D:4      | Found a stormy altar of Qazlal.
  2593 | D:4      | Reached skill level 5 in Armour
  3168 | D:5      | Entered Level 5 of the Dungeon
  3181 | D:5      | Found a sacrificial altar of Ru.
  3237 | D:5      | Reached XP level 7. HP: 53/62 MP: 5/5
  3461 | D:5      | HP: 3/66 [centaur/enchanted shortbow (5)]
  3465 | D:5      | Reached skill level 5 in Fighting
  3466 | D:5      | HP: 2/68 [adder skeleton (1)]
  3495 | D:5      | Found a shimmering altar of Xom.
  3495 | D:5      | Found a burning altar of Makhleb.
  3514 | D:5      | Reached skill level 6 in Fighting
  3514 | D:5      | Reached XP level 8. HP: 43/76 MP: 6/6
  3528 | D:5      | Became a worshipper of Makhleb the Destroyer
  3730 | D:5      | Found a shattered altar of Ashenzari.
  3748 | D:5      | Noticed a two-headed ogre
  3909 | D:5      | Killed a two-headed ogre
  3993 | D:6      | Reached skill level 7 in Fighting
  4132 | D:6      | Acquired Makhleb's first power
  4163 | D:6      | Identified the Almanac of the Last Spirits (You found it on level 6 of the Dungeon)
  4329 | D:6      | Reached skill level 8 in Axes
  4343 | D:6      | Found a staircase to the Ecumenical Temple.
  4349 | Temple   | Entered the Ecumenical Temple
  4487 | D:6      | Found an opulent altar of Gozag.
  4609 | D:7      | Gained mutation: You passively map the area around you. [level up]
  4609 | D:7      | Reached XP level 9. HP: 39/86 MP: 7/7
  4757 | D:7      | Found Idwapat's Book Shoppe.
  4769 | D:7      | Reached skill level 5 in Evocations
  4839 | D:7      | Acquired Makhleb's second power
  4932 | D:7      | Noticed runewalsh's ghost (experienced OpIE)
  5348 | D:8      | Got a shimmering helmet
  5373 | D:8      | Identified the -6 helmet of Modesty {rElec Str+4} (You found it on level 8 of the Dungeon)
  5395 | D:8      | Found Ynuloeck's Antique Armour Shoppe.
  5398 | D:8      | Found Zin's Purification Station.
  5405 | D:8      | Noticed Blork the orc
  5426 | D:8      | Killed Blork the orc
  5456 | D:8      | Found a glowing silver altar of Zin.
  5468 | D:8      | Got a crude pewter amulet
  5484 | D:8      | Found a flagged portal.
  5493 | D:8      | Identified the amulet of Putasul {Spirit Int-2 Stlth+} (You found it on level 8 of the Dungeon)
  5506 | Bailey   | Entered a bailey
  5586 | Bailey   | Acquired Makhleb's third power
  5716 | Bailey   | Reached skill level 9 in Axes
  5786 | Bailey   | Acquired Makhleb's fourth power
  5802 | Bailey   | Reached skill level 10 in Axes
  5814 | Bailey   | Reached XP level 10. HP: 56/94 MP: 16/16
  5854 | Bailey   | Noticed an orc warlord
  6043 | Bailey   | Noticed an orc knight
  6052 | Bailey   | Killed an orc warlord
  6061 | Bailey   | Killed an orc knight
  6438 | D:8      | Found a blossoming altar of Fedhas.
  6806 | D:8      | Acquired Makhleb's fifth power
  6982 | D:9      | Reached skill level 11 in Axes
  7050 | D:9      | Found an iron altar of Okawaru.
  7122 | D:9      | Reached XP level 11. HP: 98/98 MP: 18/18
  7518 | D:9      | Reached skill level 12 in Axes
  7635 | D:9      | Gained mutation: You can spit poison. [potion of beneficial mutation]
  7636 | D:9      | Gained mutation: Your system is resistant to poisons. [potion of beneficial mutation]
  8199 | D:10     | Entered Level 10 of the Dungeon
  8335 | D:10     | Noticed haldagan's ghost (powerful OpFE)
  8396 | D:10     | Noticed Maurice
  8401 | D:10     | Killed Maurice
  8401 | D:10     | Reached skill level 13 in Axes
  8464 | D:10     | Killed haldagan's ghost
  8651 | D:10     | Noticed Urug
  8655 | D:10     | Killed Urug
  8727 | D:10     | Noticed Fannar
  8750 | D:10     | Killed Fannar
  9528 | D:11     | Found a staircase to the Lair.
  9553 | D:11     | Reached skill level 5 in Throwing
  9558 | D:11     | Noticed a death yak
  9571 | D:11     | Killed a death yak
  9600 | D:11     | Found Onusotiu's Antique Armour Emporium.
  9650 | D:11     | Bought a runed hat for 88 gold pieces
  9650 | D:11     | Bought a pair of encrusted gloves for 209 gold pieces
  9650 | D:11     | Bought a runed shield for 99 gold pieces
  9681 | D:11     | Identified the +2 pair of gloves of Ahunytraij {rElec Int+3} (You bought it in a shop on level 11 of the Dungeon)
  9695 | D:11     | Reached XP level 12. HP: 99/107 MP: 17/17
  9706 | D:11     | Reached skill level 1 in Shields
  9922 | Lair:1   | Entered Level 1 of the Lair of Beasts
 10309 | Lair:1   | Noticed Nergalle
 10327 | Lair:1   | Killed Nergalle
 10327 | Lair:1   | Reached skill level 5 in Shields
 12417 | Lair:3   | Identified a scroll of acquirement
 12443 | Lair:3   | Reached skill level 5 in Invocations
 13150 | Lair:4   | Reached skill level 10 in Invocations
 13600 | Lair:4   | Reached XP level 13. HP: 119/119 MP: 20/20
 13707 | Lair:4   | Noticed Harold
 13725 | Lair:4   | Killed Harold
 14001 | Lair:2   | Reached skill level 14 in Invocations
 14143 | Lair:5   | Reached skill level 15 in Invocations
 14217 | Lair:5   | Reached skill level 16 in Invocations
 14291 | Lair:5   | Found a hole to the Spider Nest.
 14655 | Lair:5   | Reached skill level 17 in Invocations
 15757 | Lair:6   | Found a staircase to the Swamp.
 15774 | Lair:6   | Reached skill level 10 in Evocations
 16359 | Lair:7   | Found a staircase to the Slime Pits.
 16359 | Lair:7   | Found a viscous altar of Jiyva.
 16867 | Lair:8   | Entered Level 8 of the Lair of Beasts
 17054 | Lair:8   | Gained mutation: You resist negative energy. [level up]
 17054 | Lair:8   | Reached XP level 14. HP: 126/128 MP: 23/23
 17149 | Lair:8   | Reached skill level 10 in Fighting
 19208 | D:11     | Found a staircase to the Orcish Mines.
 19327 | Orc:1    | Entered Level 1 of the Orcish Mines
 19353 | Orc:1    | Noticed Grum
 19358 | Orc:1    | Killed Grum
 19794 | Orc:1    | Found an iron altar of Okawaru.
 20066 | Orc:2    | Reached skill level 15 in Axes
 20492 | Orc:3    | Found an iron altar of Okawaru.
 20586 | Orc:3    | Found a frozen archway.
 20618 | IceCv    | Entered an ice cave
 22045 | Orc:4    | Entered Level 4 of the Orcish Mines
 22097 | Orc:4    | Found a staircase to the Elven Halls.
 22159 | Orc:4    | Reached XP level 15. HP: 144/144 MP: 24/24
 22163 | Orc:4    | Found Paollibb's Weapon Shoppe.
 22176 | Orc:4    | Paralysed by an orc sorcerer for 6 turns
 22200 | Orc:4    | Reached skill level 18 in Axes
 22313 | Orc:4    | Found Brony's Armour Boutique.
 22317 | Orc:4    | Found Bossorpha's General Store.
 22319 | Orc:4    | Found Ytiuh's Antique Armour Shoppe.
 22326 | Orc:4    | Bought a potion of might for 48 gold pieces
 22423 | Orc:4    | Found Lewkaogy's Assorted Antiques.
 22435 | Orc:4    | Bought a scroll of identify for 52 gold pieces
 22435 | Orc:4    | Bought a runed lapis lazuli amulet for 130 gold pieces
 23112 | D:12     | Noticed Psyche
 23120 | D:12     | Killed Psyche
 23387 | D:12     | Noticed Erica
 23409 | D:12     | Killed Erica
 23940 | D:13     | Found a huge runed gate.
 23940 | D:13     | Found a huge runed gate.
 23941 | D:13     | Found a huge runed gate.
 23942 | D:13     | Found a huge runed gate.
 23963 | D:13     | Reached skill level 19 in Axes
 24533 | D:14     | Found a gate to the Vaults.
 24751 | D:14     | Reached skill level 20 in Axes
 25513 | D:15     | Entered Level 15 of the Dungeon
 25535 | D:15     | Found a staircase to the Depths.
 25934 | D:15     | Reached XP level 16. HP: 151/151 MP: 25/25
 26118 | D:15     | Reached skill level 15 in Evocations
 26159 | D:14     | Upgraded the game from 0.16-a0-3722-g5e7e3b6 to 0.16-a0-3728-gc6b4a4b
 26380 | Spider:1 | Entered Level 1 of the Spider Nest
 26973 | Spider:2 | Noticed Arachne
 26994 | Spider:2 | Killed Arachne
 27001 | Spider:2 | Noticed Asterion
 27064 | Spider:2 | Noticed a spectral weapon
 27066 | Spider:2 | Killed Asterion
 27542 | Swamp:1  | Entered Level 1 of the Swamp
 27578 | Swamp:1  | Noticed Snorg
 27599 | Swamp:1  | Killed Snorg
 27875 | Swamp:1  | Noticed Roxanne
 28740 | Swamp:2  | Noticed wojtek's ghost (mighty KoAs)
 28756 | Swamp:2  | Killed wojtek's ghost
 29076 | Swamp:3  | You fall through a shaft!
 29714 | Swamp:3  | Got a crude trident
 30064 | Lair:2   | Identified the +8 trident of Resourcefulness {venom, -Tele rElec rC- MR+ Str+2} (You found it on level 3 of the Swamp)
 30954 | Swamp:5  | Entered Level 5 of the Swamp
 31051 | Swamp:5  | Reached XP level 17. HP: 160/164 MP: 22/22
 31125 | Swamp:5  | Noticed Rupert
 31218 | Swamp:5  | Killed Rupert
 31283 | Swamp:5  | Got a decaying rune of Zot
 31387 | Swamp:5  | Noticed Norris
 31421 | Swamp:5  | Killed Norris
 31421 | Swamp:5  | Reached skill level 15 in Fighting
 31494 | Swamp:5  | Noticed Kirke
 31502 | Swamp:5  | Killed Kirke
 32824 | Spider:3 | Got an ancient blowgun
 32825 | Spider:3 | Identified the +9 blowgun of Righteous Fury {evade, +Fly rElec rF+ MR-} (You found it on level 3 of the Spider Nest)
 35008 | Spider:5 | Entered Level 5 of the Spider Nest
 35143 | Spider:5 | Reached skill level 10 in Shields
 36135 | Spider:5 | Gained mutation: You passively map a large area around you. [level up]
 36135 | Spider:5 | Reached XP level 18. HP: 178/178 MP: 22/22
 36237 | Spider:5 | Reached skill level 10 in Armour
 36507 | Spider:5 | Got a gossamer rune of Zot
 36804 | Spider:5 | Got a pitted scale mail
 37089 | Lair:2   | Identified the +0 scale mail of the Boiling Point {Str+3 Int+3} (You found it on level 5 of the Spider Nest)
 37260 | Elf:1    | Entered Level 1 of the Elven Halls
 38303 | Elf:2    | Found a runed gate.
 38303 | Elf:2    | Found a runed gate.
 38304 | Elf:2    | Found a runed gate.
 39628 | Elf:2    | Reached skill level 15 in Armour
 39752 | Elf:3    | Entered Level 3 of the Elven Halls
 40385 | Elf:3    | Reached XP level 19. HP: 152/185 MP: 22/22
 40394 | Elf:3    | Cast into the Abyss (a deep elf sorcerer)
 40422 | Abyss:1  | Found a shadowy altar of Dithmenos.
 40531 | Elf:3    | Escaped the Abyss
 40733 | Elf:3    | Got a dazzling trident
 40797 | Elf:3    | Got a serpentine bronze amulet
 40850 | Elf:3    | Identified the Handbook of Transmutation
 40908 | Elf:3    | Identified the amulet "Qafaery" {+Rage rElec rPois- rN- HP+9 Int+4} (You took it off a deep elf annihilator on level 3 of the Elven Halls)
 40987 | Elf:3    | Got a pitted hand axe
 40988 | Elf:3    | Identified the +9 hand axe "Faqihuneukk" {chop, rF+ Int+4} (You took it off a deep elf demonologist on level 3 of the Elven Halls)
 42207 | Vaults:1 | Entered Level 1 of the Vaults
 43026 | Vaults:1 | Got a crude silver ring
 43028 | Vaults:1 | Identified the ring of the Leaf {+Fly rF+ MR- Int+4 Dex+2} (You acquired it on level 1 of the Vaults)
 44356 | Vaults:2 | Reached XP level 20. HP: 193/193 MP: 22/22
 44796 | Vaults:2 | Reached skill level 21 in Evocations
 44881 | Vaults:2 | Noticed Frederick
 44906 | Vaults:2 | Killed Frederick
 44989 | Vaults:2 | Reached skill level 22 in Evocations
 45122 | Vaults:2 | Noticed Mara
 45129 | Vaults:2 | Noticed BluebellGnoll's illusion
 45140 | Vaults:2 | Killed Mara
 45550 | Vaults:2 | Reached skill level 23 in Evocations
 46152 | Vaults:3 | Upgraded the game from 0.16-a0-3728-gc6b4a4b to 0.16-a0-3749-g20dbed2
 46411 | Vaults:3 | Noticed Jory
 46449 | Vaults:3 | Killed Jory
 47101 | Vaults:3 | Got a bound lapis lazuli ring
 47103 | Vaults:3 | Identified the ring of Qeadeiwn {-Cast rN+ Str+4 Dex-6 SInv Stlth+} (You found it on level 3 of the Vaults)
 47402 | Vaults:3 | Reached XP level 21. HP: 200/200 MP: 23/23
 47449 | Vaults:3 | Found a staircase to the Crypt.
 47544 | Vaults:3 | Noticed Jorgrun
 47556 | Vaults:3 | Killed Jorgrun
 47869 | Vaults:3 | Got an ancient blowgun
 47870 | Vaults:3 | Identified the +7 blowgun of Zyal {evade, +Fly rF+ rN+ Int-3} (You found it on level 3 of the Vaults)
 48379 | Vaults:4 | Reached skill level 15 in Shields
 49132 | Vaults:4 | Found Qasch's Magic Scroll Shoppe.
 49135 | Vaults:4 | Bought a scroll of teleportation for 36 gold pieces
 49135 | Vaults:4 | Bought 3 scrolls of fog for 72 gold pieces
 49135 | Vaults:4 | Bought a scroll of identify for 24 gold pieces
 49135 | Vaults:4 | Bought a scroll of identify for 24 gold pieces
 49135 | Vaults:4 | Bought a scroll of fear for 42 gold pieces
 49135 | Vaults:4 | Bought a scroll of remove curse for 36 gold pieces
 50232 | Vaults:5 | Entered Level 5 of the Vaults
 50585 | Vaults:5 | Reached XP level 22. HP: 142/217 MP: 24/24
 50729 | Vaults:5 | Noticed Sojobo
 50743 | Vaults:5 | Killed Sojobo
 51233 | Vaults:5 | Found Urghy's Gadget Emporium.
 51242 | Vaults:5 | Bought a lamp of fire for 600 gold pieces
 51247 | Vaults:5 | Got a jewelled helmet
 51248 | Vaults:5 | Identified the +0 helmet of the Dice {rElec rN+ rCorr Str+2 SInv} (You found it on level 5 of the Vaults)
 51347 | Vaults:5 | Noticed an ancient lich
 51371 | Vaults:5 | Killed an ancient lich
 52414 | Vaults:5 | Got a blackened chain mail
 52415 | Vaults:5 | Identified the +4 chain mail "Hirph" {rC+} (You found it on level 5 of the Vaults)
 52454 | Vaults:5 | Identified the Reference Book on Creative Protection
 52621 | Vaults:5 | Got a silver rune of Zot
 52827 | Vaults:5 | Learned a level 1 spell: Apportation
 53311 | Vaults:5 | Bought a phial of floods for 600 gold pieces
 53311 | Vaults:5 | Bought a fan of gales for 600 gold pieces
 53850 | Depths:1 | Entered Level 1 of the Depths
 53906 | Depths:1 | Found a gateway to Hell.
 54396 | Depths:1 | Noticed Wiglaf
 54405 | Depths:1 | Killed Wiglaf
 54621 | Depths:1 | Found a sparkling altar of Nemelex Xobeh.
 54835 | Depths:2 | Noticed a caustic shrike
 54882 | Depths:2 | Reached XP level 23. HP: 200/235 MP: 24/24
 54889 | Depths:2 | Got a clouded ruby amulet
 55236 | Depths:2 | Killed a caustic shrike
 55388 | Depths:2 | Identified the amulet "Tull" {+Rage Str+3 Int-2} (You found it on level 2 of the Depths)
 55391 | Depths:2 | Got a slimy silver ring
 55393 | Depths:2 | Identified the ring of Contentment {Ice *Tele Dex+2} (You took it off a spriggan berserker on level 2 of the Depths)
 55436 | Depths:2 | Found a portal to a secret trove of treasure.
 55488 | Depths:2 | Found a one-way gate to the infinite horrors of the Abyss.
 56095 | Depths:2 | Got a shimmering chain mail
 56096 | Depths:2 | Identified the +5 chain mail "Pseneruo" {Int+3 Dex-2 SInv Stlth+} (You found it on level 2 of the Depths)
 56106 | Depths:2 | Learned a level 3 spell: Passwall
 56810 | D:14     | Got a translucent marble ring
 56812 | D:14     | Identified the ring of the Evening {Contam rC++ Int+4 Dex+4} (You acquired it on level 14 of the Dungeon)
 56916 | Depths:2 | Reached skill level 24 in Evocations
 57197 | Depths:2 | You paid a toll of 2 potions of cure mutation to enter a treasure trove
 57198 | Trove    | Entered a treasure trove
 57282 | Trove    | Got a fine long sword
 58108 | Depths:3 | Thrown by an octopode crusher

Action                   |  1- 3 |  4- 6 |  7- 9 | 10-12 | 13-15 | 16-18 | 19-21 | 22-24 || total
-------------------------+-------+-------+-------+-------+-------+-------+-------+-------++-------
Melee: War axe           |   116 |   218 |   407 |   990 |  1889 |  1889 |  1503 |   954 ||  7966
       Hand axe          |       |       |       |       |       |       |    70 |       ||    70
 Fire: Hunting sling     |    14 |    43 |    11 |       |       |       |       |       ||    68
       Blowgun           |       |       |    31 |    50 |     1 |       |       |       ||    82
Throw: Throwing net      |     5 |     5 |       |       |       |       |     3 |     2 ||    15
       Stone             |       |       |       |     1 |       |       |       |       ||     1
       Javelin           |       |       |       |    34 |    43 |    20 |     4 |       ||   101
       Tomahawk          |       |       |       |       |    12 |    34 |     2 |       ||    48
Invok: Major Destruction |       |       |       |       |    84 |    84 |   144 |    70 ||   382
       Greater Servant o |       |       |       |       |     5 |     9 |     6 |    12 ||    32
 Abil: Device Recharging |       |     2 |     2 |     4 |     1 |     5 |     3 |       ||    17
       Spit Poison       |       |       |       |     1 |       |       |       |       ||     1
Evoke: Wand              |       |     3 |    24 |    46 |    70 |   107 |    36 |    22 ||   308
       Sack of spiders   |       |       |       |       |       |     1 |       |       ||     1
       Deck              |       |       |       |       |       |       |     4 |       ||     4
       Lamp of fire      |       |       |       |       |       |       |     5 |     3 ||     8
       Stone of tremors  |       |       |       |       |       |       |     1 |     2 ||     3
  Use: Scroll            |       |     5 |    18 |     6 |    18 |    23 |    14 |     9 ||    93
       Potion            |       |     1 |     4 |     5 |     1 |     1 |     4 |     1 ||    17
 Stab: Sleeping          |     1 |       |       |       |       |       |       |       ||     1
       Held in net/web   |     1 |     4 |       |       |       |       |       |       ||     5
       Confused          |       |       |       |     3 |     7 |    46 |       |     1 ||    57
       Distracted        |       |       |       |       |     2 |     4 |     3 |     7 ||    16
       Invisible         |       |       |       |       |       |       |     8 |       ||     8
  Eat: Chunk             |     1 |     7 |    11 |    29 |    49 |    54 |    54 |    34 ||   239
       Meat ration       |       |       |       |       |     1 |     1 |       |       ||     2
       Beef jerky        |       |       |       |       |     1 |       |       |       ||     1
       Pizza             |       |       |       |       |       |     1 |       |     1 ||     2
       Bread ration      |       |       |       |       |       |       |     1 |       ||     1
       Fruit             |       |       |       |       |       |       |       |     2 ||     2
